 Dungeon Crawl Stone Soup version 0.24-a0-462-ge24419a6ad (webtiles) character file.

Game seed: 1047077532892324500

7 Mrkan the Skirmisher (level 2, -1/19 HPs)
             Began as a Gargoyle Monk on July 2, 2019.
             Killed from afar by a starcursed mass (10 damage)
             ... with an accursed screaming
             ... on level 1 of the Abyss.
             The game lasted 00:00:40 (163 turns).

Mrkan the Skirmisher (Gargoyle Monk)                 Turns: 163, Time: 00:00:40

Health: -1/19      AC:  4    Str: 14    XL:     2   Next: 0%
Magic:  2/2        EV: 12    Int: 10    God:
Gold:   46         SH:  0    Dex: 12    Spells: 1/1 levels left

rFire    . . .     SeeInvis .   a - +0 mace
rCold    . . .     Gourm    .   (no shield)
rNeg     + . .     Faith    .   b - +0 robe
rPois    ∞         Spirit   .   (no helmet)
rElec    +         Reflect  .   (no cloak)
rCorr    .         Harm     .   (no gloves)
MR       .....                  (no boots)
Stlth    +.........             (no amulet)
HPRegen  0.06/turn              (no ring)
MPRegen  0.08/turn              (no ring)

@: slowed, very slow
A: negative energy resistance 1, electricity resistance, unbreathing,
petrification resistance, rot immunity, AC +2
a: no special abilities


You were on level 1 of the Abyss.
You were not hungry.

You visited 1 branch of the dungeon, and saw 1 of its levels.
You visited the Abyss 1 time.

You collected 46 gold pieces.

Inventory:

Hand Weapons
 a - a +0 mace (weapon)
Armour
 b - a +0 robe (worn)
Scrolls
 e - a scroll of torment {unknown}
Potions
 d - a potion of flight {unknown}
Comestibles
 c - 3 rations


   Skills:
 + Level 3.4 Fighting
 * Level 3.3 Maces & Flails
 - Level 2.4 Dodging
 - Level 2.1 Stealth


You had one spell level left.
You didn't know any spells.
Your spell library was empty.

Dungeon Overview and Level Annotations

Branches:
Dungeon (1/15)

Altars:


Innate Abilities, Weirdness & Mutations

You are resistant to torment.
Your stone body is resilient. (AC +2)
You are immune to poison.
You resist negative energy. (rN+)
You are resistant to electric shocks. (rElec)
You can survive without breathing.
You are immune to petrification.
You are immune to rotting.


Message History

You now have 46 gold pieces (gained 13).
Found a ration.
You enter the shallow water.
Moving in this stuff is going to be slow.
c - 3 rations (gained 1)
A starcursed mass comes into view.
A wraith comes into view.
The wraith hits you. The wraith drains your vigour!
You feel yourself slow down. The wraith misses you.
The wraith hits you but does no damage.
A starcursed mass splits.
The starcursed mass shrieks in your mind.
The wraith closely misses you.
Found a scroll labeled KIESEY IJUGIR.
The wraith closely misses you.
A starcursed mass splits. x2
A chorus of shrieks assaults your mind.
Ouch! That really hurt!
You die...

.#..#.. ....#....##
+###..... #.....#...#
...#.#.?# .##...#.
...#
#..#≈≈≈♣#.#.....##..##
#.§.≈≈≈≈#...X... ..##
###≈§≈≈≈≈##.......#.
#..##≈≈≈♣.#X...##..##.
..#.#≈≈≈≈≈.X.#.#..##.#
#.≈#§≈@W#....#..... .
..≈≈♣≈≈≈........##.#
..#§≈≈≈#.###..#.# .#
≈§≈≈≈≈.#. #....#
#.≈≈≈≈## .#.##..#
§.≈♣≈≈ ..# ...# #≈≈≈≈.
.#. .#.. §≈≈≈≈. .#


You could see 2 starcursed masses and a wraith.

Vanquished Creatures
  An ooze (D:1)
  A hobgoblin (D:1)
  A rat (D:1)
3 creatures vanquished.

Notes
Turn   | Place    | Note
-------+----------+-------------------------------------------
     0 | D:1      | Mrkan the Gargoyle Monk began the quest for the Orb.
     0 | D:1      | Reached XP level 1. HP: 14/14 MP: 1/1
    85 | D:1      | Reached XP level 2. HP: 15/19 MP: 2/2
    95 | D:1      | Cast into level 1 of the Abyss (kobold)
   152 | Abyss:1  | Noticed a starcursed mass
   154 | Abyss:1  | Noticed a wraith
   163 | Abyss:1  | Killed from afar by a starcursed mass

Levels and vault maps discovered:
D:1:      wander_arrival_estate, layout_basic
Abyss:1

Action                   || total
-------------------------++-------
Melee: Mace              ||    16
 Stab: Sleeping          ||     1
Armor: Robe              ||     8
Dodge: Dodged            ||    12

Table legend:
 A = Non-vault XP
 B = Vault XP
 C = Vault XP percentage of total XP
 D = Non-vault monster count
 E = Vault monster count
 F = Vault count percentage of total count
                 A         B        C        D         E       F
            +---------+---------+-------+---------+---------+-------
      Total |      10 |       0 |   0.0 |       3 |       0 |   0.0
            +---------+---------+-------+---------+---------+-------
        D:1 |      10 |       0 |   0.0 |       3 |       0 |   0.0
            +---------+---------+-------+---------+---------+-------
